 Dungeon Crawl Stone Soup version 0.20.0-8-g6b59dc7 (webtiles) character file.

3669 Chaoticas the Cleaver (level 9, -6/86 HPs)
             Began as a Minotaur Fighter on June 1, 2017.
             Was a Believer of Makhleb.
             Mangled by a hell hound (7 damage)
             ... on level 8 of the Dungeon.
             The game lasted 00:15:04 (7112 turns).

Chaoticas the Cleaver (Minotaur Fighter)            Turns: 7112, Time: 00:15:05

Health: -6/86      AC: 10    Str: 23    XL:     9   Next: 89%
Magic:  8/8        EV:  5    Int:  6    God:    Makhleb [**....]
Gold:   344        SH: 10    Dex: 10    Spells: 8/8 levels left

rFire    . . .     SeeInvis .   a - +0 war axe
rCold    + . .     Gourm    +   c - +1 shield
rNeg     . . .     Faith    .   p - +0 chain mail
rPois    .         Spirit   .   (helmet restricted)
rElec    .         Reflect  .   (no cloak)
rCorr    .         Harm     .   y - +0 pair of gloves (curse)
MR       .....                  (no boots)
Stlth    ..........             e - amulet of the gourmand
Regen    0.3/turn               w - ring of protection from cold
MPRegen  0.2/turn               D - ring of wizardry

@: no status effects
A: retaliatory headbutt, horns 2
a: Minor Destruction, Renounce Religion


You were on level 8 of the Dungeon.
You worshipped Makhleb.
Makhleb was pleased with you.
You were completely stuffed.

You visited 1 branch of the dungeon, and saw 8 of its levels.
You also visited: Sewer.

You collected 344 gold pieces.

Inventory:

Hand Weapons
 a - a +0 war axe (weapon)
Missiles
 I - 6 tomahawks (quivered)
 J - 4 tomahawks of returning
Armour
 c - a +1 shield (worn)
 p - a +0 chain mail (worn)
   (You found it on level 4 of the Dungeon)
 y - a cursed +0 pair of gloves (worn)
   (You found it on level 5 of the Dungeon)
Jewellery
 e - an amulet of the gourmand (around neck)
   (You found it on level 1 of the Dungeon)
 w - a ring of protection from cold (left hand)
   (You found it on level 4 of the Dungeon)
 D - a ring of wizardry (right hand)
   (You found it on level 6 of the Dungeon)
Wands
 b - a wand of digging (10/24)
   (You found it on level 5 of the Dungeon)
 u - a wand of polymorph (10/24)
   (You found it on level 7 of the Dungeon)
 K - a wand of random effects (17/48)
   (You found it on level 7 of the Dungeon)
Scrolls
 i - 2 scrolls of fog
 l - a scroll of enchant armour
 n - 4 scrolls of remove curse
 o - 4 scrolls of identify
 v - 2 scrolls of magic mapping
 z - 6 scrolls of teleportation
 A - 2 scrolls of recharging {unknown}
 B - a scroll of blinking {unknown}
 C - a scroll of random uselessness {unknown}
 G - a scroll of amnesia {unknown}
Potions
 d - 2 potions of might
 g - 3 potions of agility {unknown}
 h - 2 potions of haste {unknown}
 j - 2 potions of heal wounds {unknown}
 m - a potion of ambrosia {unknown}
 r - 4 potions of curing
 s - a potion of resistance {unknown}
 t - 2 potions of degeneration {unknown}
 x - 3 potions of mutation {unknown}
 E - a potion of brilliance {unknown}
 F - a potion of magic {unknown}
 H - a potion of lignification {unknown}
 L - a potion of flight {unknown}
Comestibles
 f - 9 bread rations
 k - 7 meat rations
 q - 2 royal jellies
 M - 3 fruits
 N - a chunk of flesh


   Skills:
 + Level 10.3 Fighting
 * Level 13.5 Axes
 - Level 3.6 Armour
 - Level 3.6 Shields


You had 8 spell levels left.
You didn't know any spells.

Dungeon Overview and Level Annotations

Branches:
Dungeon (8/15)             Temple (0/1) D:7            Lair (0/6) D:8

Altars:
Ashenzari
Cheibriados
Elyvilon
Fedhas
Makhleb
Okawaru
Sif Muna
Trog
Uskayaw
Xom


Innate Abilities, Weirdness & Mutations

You reflexively headbutt those who attack you in melee.
You have a pair of horns on your head.


Message History

You hit the hell hound but do no damage.
The hell hound is moderately wounded.
You block the hell hound's attack. The hell hound breathes flames at you.
The blast of flame hits the hell hound.
The hell hound completely resists.
The blast of flame hits you!
* * * LOW HITPOINT WARNING * * *
You slash the hell hound! Your headbutt misses the hell hound.
The hell hound is almost dead.
The hell hound bites you!
* * * LOW HITPOINT WARNING * * *
The hell hound barely misses you.
You miss the hell hound.
The hell hound is almost dead.
The hell hound bites you but does no damage.
You closely miss the hell hound.
The hell hound is almost dead.
You block the hell hound's attack. x2
You hit the hell hound but do no damage.
The hell hound is almost dead.
You block the hell hound's attack.
Unknown command.
You slice the hell hound!!
You kill the hell hound!
Makhleb accepts your kill.
You feel better.
You closely miss the hell hound. The hell hound bites you.
* * * LOW HITPOINT WARNING * * *
You closely miss the hell hound. The hell hound bites you.
* * * LOW HITPOINT WARNING * * *
The hell hound bites you.
* * * LOW HITPOINT WARNING * * *
You closely miss the hell hound. You block the hell hound's attack.
You hit the hell hound but do no damage.
The hell hound bites you!
* * * LOW HITPOINT WARNING * * *
You block the hell hound's attack.
You completely miss the hell hound. You headbutt the hell hound.
The hell hound is lightly wounded.
The hell hound bites you but does no damage.
You hit the hell hound but do no damage.
The hell hound is lightly wounded.
The hell hound breathes flames at you. The blast of flame hits you!
* * * LOW HITPOINT WARNING * * *
You slice the hell hound!!
The hell hound is almost dead.
The hell hound bites you but does no damage.
The hell hound bites you!
You die...

#.# #...##.#
####.## #..###.#
....... #..###.#
..≈≈≈.. #......#
≈≈≈§.≈.## ##.#####
§§≈.§≈..########.#
§§§.≈≈.§##.......#
≈§§≈≈..?##.#######
≈≈≈...h@.#
≈.≈./.#####
.§..... #.##..# #
...# ###. #


You could see a hell hound.

Vanquished Creatures
  A troll (D:7)
  Sigmund (D:4)
  A hell hound (D:8)
  An eye of draining (D:8)
  Purgy (Sewer)
  A sky beast (D:6)
  2 black bears (D:7)
  2 orc warriors (D:7)
  An ice beast (D:4)
  6 ogres
  A phantom (D:7)
  4 bullfrogs
  5 scorpions
  A killer bee (D:7)
  2 howler monkeys
  2 bullfrog zombies (D:7)
  5 crimson imps
  4 orc priests
  A bullfrog skeleton (D:4)
  4 hounds
  A gnoll shaman (D:5)
  A jelly (D:7)
  4 orc wizards
  A centaur skeleton (D:4)
  4 worker ants
  A hound skeleton (D:4)
  Robin (D:4)
  2 howler monkey zombies (D:7)
  16 gnolls
  7 adders
  3 shadow imps (D:7)
  A worm (D:4)
  A dart slug (D:2)
  5 leopard geckos
  18 orcs
  3 giant cockroaches
  15 goblins
  6 hobgoblins
  12 jackals
  5 kobolds
  12 bats
  2 frilled lizards
  A jackal skeleton (D:7)
  A quokka zombie (D:7)
  3 rats (D:2)
172 creatures vanquished.

Notes
Turn   | Place    | Note
-------+----------+-------------------------------------------
     0 | D:1      | Chaoticas the Minotaur Fighter began the quest for the Orb.
     0 | D:1      | Reached XP level 1. HP: 19/19 MP: 0/0
   185 | D:1      | Reached skill level 3 in Axes
   207 | D:1      | Reached XP level 2. HP: 26/27 MP: 1/1
   649 | D:2      | Reached skill level 4 in Fighting
   806 | D:2      | Reached XP level 3. HP: 33/33 MP: 2/2
   908 | D:2      | Reached skill level 4 in Axes
  1161 | D:2      | Found a hide-covered altar of Uskayaw.
  1414 | D:3      | Reached XP level 4. HP: 41/41 MP: 3/3
  1731 | D:3      | Reached skill level 5 in Axes
  1836 | D:3      | Reached skill level 5 in Fighting
  1836 | D:3      | Reached XP level 5. HP: 39/48 MP: 4/4
  2231 | D:4      | Reached skill level 6 in Axes
  2578 | D:4      | Noticed Robin
  2585 | D:4      | Reached XP level 6. HP: 56/56 MP: 5/5
  2589 | D:4      | Killed Robin
  2610 | D:4      | Reached skill level 7 in Axes
  2630 | D:4      | Found a shimmering altar of Xom.
  2662 | D:4      | Found a burning altar of Makhleb.
  2674 | D:4      | Became a worshipper of Makhleb the Destroyer
  2731 | D:4      | Noticed an ice beast
  2753 | D:4      | HP: 15/56 [ice beast (14)]
  2754 | D:4      | Killed an ice beast
  2976 | D:4      | Found a shimmering altar of Xom.
  3003 | D:4      | Reached skill level 6 in Fighting
  3007 | D:4      | Reached XP level 7. HP: 53/63 MP: 6/6
  3019 | D:4      | Reached skill level 8 in Axes
  3219 | D:4      | Noticed Sigmund
  3225 | D:4      | Killed Sigmund
  3225 | D:4      | Reached skill level 9 in Axes
  3477 | D:5      | Entered Level 5 of the Dungeon
  3628 | D:5      | Found an iron altar of Okawaru.
  3675 | D:5      | Reached skill level 7 in Fighting
  3794 | D:5      | Found a snail-covered altar of Cheibriados.
  3799 | D:5      | Reached XP level 8. HP: 51/73 MP: 7/7
  4418 | D:6      | Reached skill level 10 in Axes
  4423 | D:6      | Found a white marble altar of Elyvilon.
  4548 | D:6      | Reached * piety under Makhleb
  4594 | D:6      | Found a glowing drain.
  4634 | D:6      | Reached skill level 8 in Fighting
  4637 | Sewer    | Entered a sewer
  4757 | Sewer    | Noticed Purgy
  4762 | Sewer    | Killed Purgy
  4822 | D:6      | Reached skill level 11 in Axes
  4855 | D:6      | Found a shattered altar of Ashenzari.
  5039 | D:7      | Found a staircase to the Ecumenical Temple.
  5137 | D:7      | Reached XP level 9. HP: 69/82 MP: 8/8
  5300 | D:7      | Noticed a troll
  5309 | D:7      | Killed a troll
  5309 | D:7      | Reached skill level 9 in Fighting
  5310 | D:7      | Found a blossoming altar of Fedhas.
  5335 | D:7      | Reached skill level 12 in Axes
  5694 | D:7      | Reached ** piety under Makhleb
  5798 | D:7      | HP: 42/84 [acid (2)]
  5808 | D:7      | HP: 26/84 [orc warrior/trident (9)]
  6103 | D:7      | Found a deep blue altar of Sif Muna.
  6138 | D:7      | Found a bloodstained altar of Trog.
  6343 | D:7      | Reached skill level 10 in Fighting
  6345 | D:7      | Reached skill level 13 in Axes
  7084 | D:8      | Found a staircase to the Lair.
  7100 | D:8      | HP: 43/86 [hell hound/blast of flame (12)]
  7106 | D:8      | HP: 39/86 [hell hound (5)]
  7111 | D:8      | HP: 1/86 [hell hound/blast of flame (23)]
  7112 | D:8      | Mangled by a hell hound

Skill      XL: |  1  2  3  4  5  6  7  8  9 |
---------------+----------------------------+-----
Axes           | 3 4 5 6 7 9 11 13 | 13.5
Fighting       | 4 5 6 7 8 10 | 10.3
Armour         | |  3.6
Shields        | |  3.6

Action                   |  1- 3 |  4- 6 |  7- 9 || total
-------------------------+-------+-------+-------++-------
Melee: War axe           |    66 |   122 |   323 ||   511
       Headbutt          |     9 |    27 |    61 ||    97
  Use: Scroll            |       |     5 |     3 ||     8
       Potion            |       |       |     3 ||     3
  Eat: Chunk             |     2 |    21 |    14 ||    37
Armor: Scale mail        |    26 |    28 |       ||    54
       Chain mail        |       |    31 |   130 ||   161
Dodge: Dodged            |    22 |    36 |    48 ||   106
Block: Shield            |    28 |    66 |   152 ||   246
